[Event "40th IND-chT Open 2020"]
[Site "Ahmedabad"]
[Date "2020.02.10"]
[Round "5.21"]
[White "Chandrajeet Singh Rajawat"]
[Black "Eshwanth Dev, Kumar J"]
[Result "0-1"]
[ECO "A45"]
[WhiteElo "1778"]
[BlackElo "1850"]
[Annotator "NA RC"]
[PlyCount "78"]
[EventDate "2020.02.05"]
[EventCountry "IND"]
[SourceTitle "playchess.com"]
[Source "ChessBase"]
[SourceQuality "1"]
[TimeControl "5400+30"]

1. d4 Nf6 2. Bf4 g6 3. Nc3 Bg7 4. e4 d5 5. e5 Ne4 6. Nce2 {[%emt 0:00:30] A45: Trompowsky Attack.} f6 $1 7. f3 {[%emt 0:00:30] [#]} Ng5 $146 ({Predecessor:} 7... fxe5 8. fxe4 exf4 9. e5 O-O 10. Nf3 Bg4 11. Nc3 e6 12. Bd3 c5 13. h3 Bxf3 14. Qxf3 cxd4 {0-1 (31) Picken,O (1769)-Ang,A (2219) Palmerston North 2018}) 8. Bxg5 fxg5 9. Qd2 c5 10. c3 Nc6 11. dxc5 (11. Qxg5 $11 {remains equal.} Qa5 12. Qd2) 11... Nxe5 12. Nd4 O-O 13. O-O-O Nf7 14. c6 (14. Nc2 $17 {is a better defense.}) 14... Qb6 15. cxb7 Bxb7 16. Kb1 e5 17. Nc2 a5 18. Ne2 Bc6 19. Nc1 {[%emt 0:00:30] [#]} (19. h4 $142) 19... g4 $1 20. fxg4 Rab8 21. b3 Nd6 22. Qe3 (22. Re1 $142) 22... Ne4 23. Kb2 Nf2 24. Be2 Qxe3 25. Nxe3 Nxh1 26. Rxh1 Bh6 27. Nd1 e4 28. h4 Bf4 29. Kc2 a4 30. b4 d4 31. Bc4+ Kg7 32. a3 d3+ 33. Kb2 Bd7 34. Bd5 Rbe8 35. c4 Bxg4 36. c5 Be5+ 37. Kb1 Bxd1 38. Rxd1 Rf2 39. Na2 Rd8 0-1

[Event "40th IND-chT Open 2020"]
[Site "Ahmedabad"]
[Date "2020.02.10"]
[Round "5.22"]
[White "Sibi Visal R"]
[Black "Arora Honi"]
[Result "1-0"]
[ECO "E07"]
[WhiteElo "2074"]
[BlackElo "1788"]
[Annotator "NA RC"]
[PlyCount "57"]
[EventDate "2020.02.05"]
[EventCountry "IND"]
[SourceTitle "playchess.com"]
[Source "ChessBase"]
[SourceQuality "1"]
[TimeControl "5400+30"]

1. c4 c6 2. Nf3 Nf6 3. d4 d5 4. Nc3 e6 5. g3 Nbd7 6. Bg2 Be7 7. O-O O-O 8. b3 b6 9. Bb2 Bb7 {[%emt 0:00:40] 9...Ba6 is the hot move.} 10. Qd3 c5 {[%emt 0:09:31] E07: Closed Catalan: Main Line (5 Nf3 0-0 6 0-0 Nbd7).} 11. cxd5 exd5 12. Rfd1 Ne4 {[%emt 0:08:36] [#]} 13. Ne5 $146 ({Predecessor:} 13. Rac1 Bf6 14. Qb1 Nxc3 15. Bxc3 Re8 16. e3 Qe7 17. Ne1 Rad8 18. Nd3 cxd4 19. Bb4 {1-0 (62) Hnydiuk,A (2409)-Krallis,C (2261) Krakow 2018}) 13... Ndf6 14. dxc5 bxc5 {[%emt 0:04:37] [#]} (14... Bxc5 $14 15. Nxe4 Nxe4) 15. Nxe4 $1 dxe4 16. Qc3 Qc7 17. Rd7 Nxd7 18. Nxd7 f6 19. Nxf8 Kxf8 20. Rc1 Qd7 21. h4 Rc8 22. e3 Bd6 23. Qc4 f5 (23... Qe7 $16) 24. Rd1 Qe7 25. Bh3 g6 26. Qc3 Ke8 27. Bf1 Bc6 (27... a6) 28. Ba3 Qf8 $2 {[%emt 0:07:34] [#]} 29. Rxd6 $18 1-0

[Event "40th IND-chT Open 2020"]
[Site "Ahmedabad"]
[Date "2020.02.10"]
[Round "5.23"]
[White "Devesh, Mukherjee"]
[Black "Sa, Kannan"]
[Result "0-1"]
[ECO "A13"]
[WhiteElo "1871"]
[BlackElo "1936"]
[Annotator "NA RC"]
[PlyCount "55"]
[EventDate "2020.02.05"]
[EventCountry "IND"]
[SourceTitle "playchess.com"]
[Source "ChessBase"]
[SourceQuality "1"]
[TimeControl "5400+30"]

1. Nf3 d5 2. c4 e6 3. g3 c6 4. Bg2 Nd7 5. O-O Nb6 6. cxd5 {[%emt 0:02:04] [#] A13: English Opening: 1...e6.} cxd5 $146 ({Predecessor:} 6... exd5 7. d3 Nf6 8. Nbd2 Be7 9. e4 O-O 10. Re1 h6 11. a3 dxe4 12. dxe4 Be6 {0-1 (28) Erdos,B (2185)-Schneider,V (2306) Kisvarda 2012}) 7. d3 Bd6 8. b3 Nf6 9. Bb2 O-O 10. Nc3 Bd7 (10... e5 $11) 11. e4 Be7 12. Qe2 Bc6 13. Rac1 a5 14. a3 Nfd7 15. d4 (15. Nd4 $14) 15... dxe4 16. Nxe4 Nd5 17. Ne5 Nxe5 18. dxe5 Qb6 19. Nf6+ gxf6 20. Bxd5 $1 f5 21. Bxc6 bxc6 22. g4 (22. Rc3 $11 {remains equal.}) 22... fxg4 23. Qxg4+ Kh8 24. Qf3 Rab8 25. Rc3 Rg8+ (25... a4 $5) 26. Kh1 Qb5 (26... a4 $5) 27. Rd3 c5 (27... Rbd8 $15 28. Rdd1 Rb8) 28. Bc3 $15 ({Better is} 28. a4 $11 Qb4 29. Bc1) 0-1